3L
THUNDER BAY NORTHERN LIONS BC @ JACKSONVILLE SHARKS
06/19/2018
 
TOP OF THE 1ST
Thunder Bay Northern Lions BC batting - Pitching for Jacksonville Sharks : RHP Roger Garrett
Pitching: RHP Roger Garrett
Batting: RHB Keith Burnett 0-0: Fly out, F6 (Line Drive, 6)
Batting: LHB Juan Durán 0-0: Ball
1-0: Ball
2-0: Ball
3-0: Called Strike
3-1: SINGLE (Line Drive, 34)
Batting: LHB David Smith 0-0: Swinging Strike
0-1: Ball
1-1: Called Strike
1-2: Strikes out swinging
Batting: SHB Arnold Griffith 0-0: Ball
1-0: SINGLE (Groundball, 34)
Juan Durán to second
Runner from 2nd tries for 3rd, OUT!
Top of the 1st over - 0 run(s), 2 hit(s), 0 error(s), 1 left on base; Thunder Bay 0 - Jacksonville 0
BOTTOM OF THE 1ST
Jacksonville Sharks batting - Pitching for Thunder Bay Northern Lions BC : RHP Miguel Castillo
Pitching: RHP Miguel Castillo
Batting: LHB Chris Henry 0-0: Foul Ball, location: 2F
0-1: Swinging Strike
0-2: Ball
1-2: Ball
2-2: Fly out, F9 (Flyball, 9M)
Batting: RHB Pedro Cruz 0-0: Ball
1-0: Ball
2-0: Ground out 5-3 (Groundball, 5L)
Batting: RHB Luis Muńóz 0-0: Foul Ball, location: 2F
0-1: Ball
1-1: Ball
2-1: Swinging Strike
2-2: SINGLE (Groundball, 6MD)
Batting: RHB Bertrand Sunter 0-0: Ball
1-0: Swinging Strike
1-1: Foul Ball, location: 2F
1-2: Foul Ball, location: 2F
1-2: SINGLE (Groundball, 34)
Luis Muńóz to second
Runner from 2nd tries for 3rd, SAFE, throw made to third
Batting: RHB Randolph Davis 0-0: Ball
1-0: Ball
2-0: Foul Ball, location: 2F
2-1: Swinging Strike
2-2: Foul Ball, location: 2F
2-2: Ball
3-2: DOUBLE (Groundball, 3L)
Luis Muńóz scores
Bertrand Sunter to third
Bertrand Sunter scores
Batting: RHB Jesús Castro 0-0: Ball
1-0: SINGLE (Line Drive, 8RS)
Randolph Davis to third
Runner from 3rd tries for Home, SAFE, throw made home
Batting: RHB Dave Knight 0-0: Called Strike
0-1: Foul Ball, location: 2F
0-2: Strikes out swinging
Bottom of the 1st over - 3 run(s), 4 hit(s), 0 error(s), 1 left on base; Thunder Bay 0 - Jacksonville 3
TOP OF THE 2ND
Thunder Bay Northern Lions BC batting - Pitching for Jacksonville Sharks : RHP Roger Garrett
Batting: RHB Jacob Holt 0-0: Swinging Strike
0-1: Foul Ball, location: 2F
0-2: Strikes out swinging
Batting: RHB Duncan Thomas 0-0: Called Strike
0-1: Swinging Strike
0-2: Ball
1-2: Fly out, F8 (Flyball, 8LXD)
Batting: LHB Jimmy Massey 0-0: Called Strike
0-1: Foul Ball, location: 2F
0-2: Ball
1-2: Foul Ball, location: 2F
1-2: Fly out, F9 (Line Drive, 9M)
Top of the 2nd over - 0 run(s), 0 hit(s), 0 error(s), 0 left on base; Thunder Bay 0 - Jacksonville 3
BOTTOM OF THE 2ND
Jacksonville Sharks batting - Pitching for Thunder Bay Northern Lions BC : RHP Miguel Castillo
Batting: RHB Forest Simmons 0-0: Fly out, F9 (Popup, 34D)
Batting: RHB Roger Garrett 0-0: Foul Ball, location: 2F
0-1: Foul Ball, location: 2F
0-2: Strikes out swinging
Batting: LHB Chris Henry 0-0: Ball
1-0: Called Strike
1-1: Foul Ball, location: 2F
1-2: SOLO HOME RUN (Flyball, 9D), Distance : 361 ft
Batting: RHB Pedro Cruz 0-0: Called Strike
0-1: Ball
1-1: Foul Ball, location: 2F
1-2: Ball
2-2: Ground out 6-3 (Groundball, 56)
Bottom of the 2nd over - 1 run(s), 1 hit(s), 0 error(s), 0 left on base; Thunder Bay 0 - Jacksonville 4
TOP OF THE 3RD
Thunder Bay Northern Lions BC batting - Pitching for Jacksonville Sharks : RHP Roger Garrett
Batting: RHB Jason Wise 0-0: Ball
1-0: Ground out 4-3 (Groundball, 4M)
Pinch Hitting: RHB Fernando Tirado 0-0: Ball
1-0: Ball
2-0: Foul Ball, location: 2F
2-1: Foul Ball, location: 2F
2-2: Ball
3-2: Foul Ball, location: 2F
3-2: Foul Ball, location: 2F
3-2: Strikes out swinging
Batting: RHB Keith Burnett 0-0: Swinging Strike
0-1: Foul Ball, location: 2F
0-2: Strikes out swinging
Top of the 3rd over - 0 run(s), 0 hit(s), 0 error(s), 0 left on base; Thunder Bay 0 - Jacksonville 4
BOTTOM OF THE 3RD
Jacksonville Sharks batting - Pitching for Thunder Bay Northern Lions BC : RHP Miguel Castillo
Pitching: RHP Sammy Miller
Batting: RHB Luis Muńóz 0-0: Called Strike
0-1: Ball
1-1: Ball
2-1: Ball
3-1: Swinging Strike
3-2: Base on Balls
Batting: RHB Bertrand Sunter 0-0: Foul Ball, location: 2F
0-1: Called Strike
0-2: Ball
1-2: Foul Ball, location: 2F
1-2: Ball
2-2: Ball
3-2: Base on Balls
Luis Muńóz to second
Batting: RHB Randolph Davis 0-0: Foul Ball, location: 2F
0-1: Ball
1-1: Ball
2-1: Foul Ball, location: 2F
2-2: Foul Ball, location: 2F
2-2: SINGLE (Line Drive, 4D)
Luis Muńóz to third
Bertrand Sunter to second
Batting: RHB Jesús Castro 0-0: Ball
1-0: Ball
2-0: Fly out, F6 (Popup, 6MD)
Batting: RHB Dave Knight 0-0: Called Strike
0-1: Foul Ball, location: 2F
0-2: DOUBLE (Groundball, 3L)
Luis Muńóz scores
Bertrand Sunter scores
Randolph Davis to third
Batting: RHB Forest Simmons 0-0: Intentional Walk
Batting: RHB Roger Garrett 0-0: Ball
1-0: Called Strike
1-1: Swinging Strike
1-2: Ball
2-2: Ball
3-2: Foul Ball, location: 2F
3-2: Base on Balls
Randolph Davis scores
Dave Knight to third
Forest Simmons to second
Pitching: LHP Eugene Baker
Batting: LHB Chris Henry 0-0: Ball
1-0: Called Strike
1-1: Swinging Strike
1-2: Ball
2-2: Ball
3-2: Base on Balls
Dave Knight scores
Forest Simmons to third
Roger Garrett to second
Batting: RHB Pedro Cruz 0-0: Ball
1-0: Grounds into double play, U4-3 (Groundball, 4)
Bottom of the 3rd over - 4 run(s), 2 hit(s), 0 error(s), 2 left on base; Thunder Bay 0 - Jacksonville 8
TOP OF THE 4TH
Thunder Bay Northern Lions BC batting - Pitching for Jacksonville Sharks : RHP Roger Garrett
Batting: LHB Juan Durán 0-0: Foul Ball, location: 2F
0-1: Ball
1-1: Called Strike
1-2: Foul Ball, location: 2F
1-2: Strikes out swinging
Batting: LHB David Smith 0-0: Called Strike
0-1: Ball
1-1: Foul Ball, location: 2F
1-2: Ball
2-2: Foul Ball, location: 2F
2-2: Ball
3-2: SINGLE (Groundball, 6S)
Batting: SHB Arnold Griffith 0-0: Ball
1-0: Ball
2-0: Fly out, F6 (Popup, 6D)
Batting: RHB Jacob Holt 0-0: Ball
1-0: Fly out, F5 (Popup, 5SF)
Top of the 4th over - 0 run(s), 1 hit(s), 0 error(s), 1 left on base; Thunder Bay 0 - Jacksonville 8
BOTTOM OF THE 4TH
Jacksonville Sharks batting - Pitching for Thunder Bay Northern Lions BC : LHP Eugene Baker
Batting: RHB Luis Muńóz 0-0: Swinging Strike
0-1: Ball
1-1: Ball
2-1: Ball
3-1: Ground out 6-3 (Groundball, 6M)
Batting: RHB Bertrand Sunter 0-0: Ball
1-0: Foul Ball, location: 2F
1-1: Swinging Strike
1-2: Ball
2-2: Ball
3-2: Foul Ball, location: 2F
3-2: SOLO HOME RUN (Flyball, 7D), Distance : 370 ft
Batting: RHB Randolph Davis 0-0: Ball
1-0: Ball
2-0: Ball
3-0: Base on Balls
Batting: RHB Jesús Castro 0-0: Called Strike
0-1: Foul Ball, location: 2F
0-2: Ball
1-2: Ball
2-2: Foul Ball, location: 2F
2-2: Fly out, F7 (Line Drive, 7M)
Batting: RHB Dave Knight 0-0: Called Strike
0-1: Called Strike
Randolph Davis is caught stealing 2nd base
Bottom of the 4th over - 1 run(s), 1 hit(s), 0 error(s), 0 left on base; Thunder Bay 0 - Jacksonville 9
TOP OF THE 5TH
Thunder Bay Northern Lions BC batting - Pitching for Jacksonville Sharks : RHP Roger Garrett
Batting: RHB Duncan Thomas 0-0: Ball
1-0: Foul Ball, location: 2F
1-1: Called Strike
1-2: Fly out, F8 (Line Drive, 8LM)
Batting: LHB Jimmy Massey 0-0: Ball
1-0: Ball
2-0: Called Strike
2-1: Called Strike
2-2: Ground out U3 (Groundball, 3)
Batting: RHB Jason Wise 0-0: Ball
1-0: Foul Ball, location: 2F
1-1: Ball
2-1: SINGLE (Line Drive, 8LS)
Batting: LHB Eugene Baker 0-0: Ball
1-0: Foul Ball, location: 2F
1-1: Ball
2-1: SINGLE (Line Drive, 6MD)
Jason Wise to second
Batting: RHB Keith Burnett 0-0: Swinging Strike
0-1: Called Strike
0-2: Ball
1-2: Ball
2-2: SINGLE (Line Drive, 56D)
Jason Wise to third
Eugene Baker to second
Runner from 3rd tries for Home, throw and OUT!
Top of the 5th over - 0 run(s), 3 hit(s), 0 error(s), 2 left on base; Thunder Bay 0 - Jacksonville 9
BOTTOM OF THE 5TH
Jacksonville Sharks batting - Pitching for Thunder Bay Northern Lions BC : LHP Eugene Baker
Now at C: Ramiro Rico
Batting: RHB Dave Knight 0-0: Ground out 6-3 (Groundball, 6MS)
Batting: RHB Forest Simmons 0-0: Ball
1-0: Ball
2-0: Ground out 6-3 (Groundball, 6)
Batting: RHB Roger Garrett 0-0: Ball
1-0: Ball
2-0: Called Strike
2-1: Foul Ball, location: 2F
2-2: Ball
3-2: SINGLE (Line Drive, 6MD)
Batting: LHB Chris Henry 0-0: Called Strike
0-1: Ball
1-1: Swinging Strike
1-2: 2-RUN HOME RUN (Flyball, 9D), Distance : 346 ft
Pitching: LHP Lester Gross
Batting: RHB Pedro Cruz 0-0: Ball
1-0: Ball
2-0: Ground out 1-3 (Groundball, 15S)
Bottom of the 5th over - 2 run(s), 2 hit(s), 0 error(s), 0 left on base; Thunder Bay 0 - Jacksonville 11
TOP OF THE 6TH
Thunder Bay Northern Lions BC batting - Pitching for Jacksonville Sharks : RHP Roger Garrett
Batting: LHB Juan Durán 0-0: Foul Ball, location: 2F
0-1: Ball
1-1: SINGLE (Flyball, 78M)
Batting: LHB David Smith 0-0: Fly out, F5 (Popup, 5DF)
Batting: SHB Arnold Griffith 0-0: Called Strike
Juan Durán is caught stealing 2nd base
0-1: Ball
1-1: Swinging Strike
1-2: Strikes out swinging
Top of the 6th over - 0 run(s), 1 hit(s), 0 error(s), 0 left on base; Thunder Bay 0 - Jacksonville 11
BOTTOM OF THE 6TH
Jacksonville Sharks batting - Pitching for Thunder Bay Northern Lions BC : LHP Lester Gross
Batting: RHB Luis Muńóz 0-0: Ball
1-0: Ball
2-0: Ball
3-0: Base on Balls
Batting: RHB Bertrand Sunter 0-0: Ball
1-0: Ball
2-0: Fly out, F2 (Popup, 2RF)
Batting: RHB Randolph Davis 0-0: Ball
1-0: Called Strike
1-1: Ball
2-1: Foul Ball, location: 2F
2-2: Ball
3-2: SINGLE (Groundball, 34)
Luis Muńóz to second
Runner from 2nd tries for 3rd, SAFE, throw made to third
Randolph Davis to second
Batting: RHB Jesús Castro 0-0: Called Strike
0-1: Swinging Strike
0-2: Ground out 4-3 (Groundball, 4)
Luis Muńóz scores
Randolph Davis to third
Batting: RHB Dave Knight 0-0: Ball
1-0: Foul Ball, location: 2F
1-1: Ball
Wild Pitch!
Randolph Davis scores
2-1: Swinging Strike
2-2: Ball
3-2: Base on Balls
Pitching: LHP Carlos Vargas
Batting: RHB Forest Simmons 0-0: Swinging Strike
0-1: Swinging Strike
0-2: Ball
1-2: Strikes out swinging
Bottom of the 6th over - 2 run(s), 1 hit(s), 0 error(s), 1 left on base; Thunder Bay 0 - Jacksonville 13
TOP OF THE 7TH
Thunder Bay Northern Lions BC batting - Pitching for Jacksonville Sharks : RHP Roger Garrett
Batting: RHB Jacob Holt 0-0: Fly out, F7 (Flyball, 7LM)
Batting: RHB Duncan Thomas 0-0: Called Strike
0-1: Foul Ball, location: 2F
0-2: Foul Ball, location: 2F
0-2: Ground out 4-3 (Groundball, 4M)
Batting: LHB Jimmy Massey 0-0: Ball
1-0: Ball
2-0: Called Strike
2-1: Swinging Strike
2-2: Strikes out swinging
Top of the 7th over - 0 run(s), 0 hit(s), 0 error(s), 0 left on base; Thunder Bay 0 - Jacksonville 13
BOTTOM OF THE 7TH
Jacksonville Sharks batting - Pitching for Thunder Bay Northern Lions BC : LHP Carlos Vargas
Batting: RHB Roger Garrett 0-0: Called Strike
0-1: Ball
1-1: Foul Ball, location: 2F
1-2: Foul Ball, location: 2F
1-2: Ground out 1-3 (Groundball, 13S)
Batting: LHB Chris Henry 0-0: Called Strike
0-1: Ball
1-1: Ball
2-1: Ball
3-1: Base on Balls
Batting: RHB Pedro Cruz 0-0: Fly out, F7 (Flyball, 7D)
Batting: RHB Luis Muńóz 0-0: Called Strike
0-1: Ball
1-1: Called Strike
1-2: Ball
2-2: 2-RUN HOME RUN (Line Drive, 78XD), Distance : 381 ft
Batting: RHB Bertrand Sunter 0-0: SINGLE (Flyball, 8RS)
Pitching: RHP Roderick Draper
Batting: RHB Randolph Davis 0-0: Foul Ball, location: 2F
0-1: Ball
1-1: Foul Ball, location: 2F
1-2: Ball
2-2: Ball
3-2: Ground out 6-3 (Groundball, 56)
Bottom of the 7th over - 2 run(s), 2 hit(s), 0 error(s), 1 left on base; Thunder Bay 0 - Jacksonville 15
TOP OF THE 8TH
Thunder Bay Northern Lions BC batting - Pitching for Jacksonville Sharks : RHP Roger Garrett
Batting: RHB Ramiro Rico 0-0: Called Strike
0-1: Foul Ball, location: 2F
0-2: Foul Ball, location: 2F
0-2: Ball
1-2: Foul Ball, location: 2F
1-2: Ball
2-2: Reached on error, E4 (Groundball, 4M)
Pinch Hitting: RHB Bob Narváiz 0-0: Hit by Pitch
Batting: RHB Keith Burnett 0-0: Fielders Choice at 2nd, 1-4 (Groundball, 15)
Ramiro Rico to third
Pinch Hitting: LHB Arnold Cook 0-0: Called Strike
0-1: Foul Ball, location: 2F
0-2: Ball
1-2: Fielders Choice at 2nd, 3-6 (Groundball, 3)
Ramiro Rico scores
Batting: LHB David Smith 0-0: Ball
1-0: Called Strike
1-1: Fly out, F9 (Line Drive, 89D)
Top of the 8th over - 1 run(s), 0 hit(s), 1 error(s), 1 left on base; Thunder Bay 1 - Jacksonville 15
BOTTOM OF THE 8TH
Jacksonville Sharks batting - Pitching for Thunder Bay Northern Lions BC : RHP Roderick Draper
Pitching: LHP Austin Brown
Now in CF: Arnold Cook
Batting: RHB Jesús Castro 0-0: Ball
1-0: Ball
2-0: SINGLE (Groundball, 34D)
Batting: RHB Dave Knight 0-0: Called Strike
0-1: Ball
1-1: Ball
2-1: Foul Ball, location: 2F
2-2: Fielders Choice at 2nd, 1-6 (Groundball, 13)
Batting: RHB Forest Simmons 0-0: SINGLE (Line Drive, 56)
Dave Knight to second
Batting: RHB Roger Garrett 0-0: Sac Bunt - play at first, batter OUT! 1-4
Dave Knight to third
Forest Simmons to second
Batting: LHB Chris Henry 0-0: Ball
1-0: Ball
2-0: Called Strike
2-1: Ball
3-1: Base on Balls
Batting: RHB Pedro Cruz 0-0: Called Strike
0-1: Ball
1-1: Ball
2-1: Called Strike
2-2: Strikes out looking
Bottom of the 8th over - 0 run(s), 2 hit(s), 0 error(s), 3 left on base; Thunder Bay 1 - Jacksonville 15
TOP OF THE 9TH
Thunder Bay Northern Lions BC batting - Pitching for Jacksonville Sharks : RHP Roger Garrett
Pinch Hitting: SHB Miguel Soto 0-0: Swinging Strike
0-1: SINGLE (Line Drive, 56D)
Batting: RHB Jacob Holt 0-0: Called Strike
0-1: Called Strike
0-2: Foul Ball, location: 2F
0-2: Ball
1-2: Ball
2-2: Fly out, F8 (Flyball, 8RXD)
Batting: RHB Duncan Thomas 0-0: Grounds into double play, 6-4-3 (Groundball, 6M)
Top of the 9th over - 0 run(s), 1 hit(s), 0 error(s), 0 left on base; Thunder Bay 1 - Jacksonville 15
This league is powered by Out of the Park Baseball, the baseball management simulation game for PC, Mac and Linux
Monday, May 4th, 2015 - OOTP Baseball 15.6 Build 34